Map: Newkirk Precinct TE (Void)

Players

MasTeR

  • Race: Protoss Protoss
  • Spawn Location: 5:00

SortOf - Winner!

  • Race: Zerg Zerg
  • League: Master
  • Spawn Location: 7:00

Event: NationWars IV

VOD

Have the link to the VOD?

Description

Time

  • Played on: Jan. 6, 2017, 11:10 a.m.
  • Length: 10:19
Show
View Real Time Build Order
Export as new Build Order

MasTeR Protoss 

Build Orders: 1 Gate Expand, Zealot Archon 

Get SALT Encoding   

  12  0:01  Probe (Chrono Boost)  
  13  0:11  Probe (Chrono Boost)  
  14  0:18  Pylon  
  14  0:22  Probe (Chrono Boost)  
  15  0:37  Probe (Chrono Boost)  
  15  0:40  Gateway  
  16  0:47  Probe (Chrono Boost)  
  16  0:48  Assimilator  
  17  0:58  Probe (Chrono Boost)  
  18  1:08  Probe (Chrono Boost)  
  19  1:22  Nexus  
  19  1:25  Probe (Chrono Boost)  
  20  1:35  Cybernetics Core  
  20  1:38  Probe (Chrono Boost)  
  21  1:43  Assimilator  
  21  1:49  Probe (Chrono Boost)  
  22  1:55  Pylon  
  22  1:59  Probe (Chrono Boost)  
  23  2:12  Adept  
  23  2:13  Mothership Core (Chrono Boost)  
  27  2:21  Warp Gate  
  27  2:32  Probe (Chrono Boost)  
  27  2:34  Probe (Chrono Boost)  
  29  2:41  Twilight Council  
  29  2:43  Probe (Chrono Boost)  
  30  2:45  Probe (Chrono Boost)  
  30  2:48  Adept  
  33  2:53  Probe (Chrono Boost)  
  33  2:56  Probe (Chrono Boost)  
  35  2:59  Pylon  
  35  3:04  Probe (Chrono Boost)  
  36  3:06  Probe (Chrono Boost)  
  37  3:14  Probe (Chrono Boost)  
  37  3:17  Probe (Chrono Boost)  
  39  3:20  Robotics Facility  
  39  3:25  Probe (Chrono Boost)  
  40  3:27  Probe (Chrono Boost)  
  41  3:35  Probe (Chrono Boost)  
  41  3:37  Gateway  
  41  3:38  Probe (Chrono Boost)  
  43  3:41  Gateway  
  43  3:44  Gateway  
  43  3:46  Probe (Chrono Boost)  
  45  3:48  Probe (Chrono Boost)  
  45  3:54  Assimilator x2  
  45  3:57  Probe (Chrono Boost)  
  45  3:59  Probe (Chrono Boost)  
  47  4:04  Pylon  
  47  4:07  Templar Archives  
  47  4:08  Probe (Chrono Boost)  
  48  4:12  Probe (Chrono Boost)  
  48  4:16  Warp Prism  
  49  4:20  Probe (Chrono Boost)  
  49  4:23  Probe (Chrono Boost)  
  53  4:28  Forge  
  53  4:31  Pylon  
  53  4:33  Probe (Chrono Boost)  
  53  4:34  Probe (Chrono Boost)  
  55  4:38  Pylon  
  55  4:54  Nexus  
  55  4:56  Pylon  
  55  5:01  High Templar  
  55  5:02  High Templar x3  
  55  5:03  Immortal  
  55  5:05  Archon  
  55  5:06  Archon  
  63  5:10  Protoss Ground Weapons Level 1  
  67  5:22  Gateway  
  67  5:23  Gateway  
  67  5:28  Photon Cannon  
  67  5:35  Zealot x3  
  73  5:39  Immortal  
  73  5:45  Charge  
  77  5:50  Pylon  
  77  5:54  Gateway  
  77  6:06  Probe x2 (Chrono Boost)  
  79  6:22  Probe (Chrono Boost)  
  79  6:23  Zealot x3, High Templar  
  79  6:24  Probe (Chrono Boost)  
  90  6:25  Probe (Chrono Boost)  
  90  6:30  Gateway  
  91  6:33  Gateway  
  91  6:34  Probe (Chrono Boost)  
  91  6:35  Probe (Chrono Boost)  
  91  6:36  High Templar  
  91  6:37  Pylon  
  91  6:38  Probe (Chrono Boost)  
  95  6:41  Archon  
  95  6:45  Probe (Chrono Boost), Gateway  
  95  6:46  Probe (Chrono Boost)  
  97  6:47  Sentry, High Templar x2  
  97  6:51  Archon, Zealot  
  105  6:54  Pylon  
  105  6:56  Probe x2 (Chrono Boost)  
  105  7:00  Zealot, Sentry  
  111  7:06  Probe x2 (Chrono Boost)  
  111  7:08  Probe (Chrono Boost), Assimilator  
  114  7:09  Pylon  
  114  7:17  Probe (Chrono Boost), Pylon, Assimilator  
  114  7:18  Probe (Chrono Boost)  
  116  7:22  High Templar x2  
  116  7:23  Zealot x2  
  116  7:26  Pylon  
  116  7:27  Archon, Zealot  
  126  7:32  Zealot x2  
  122  7:48  Immortal  
  122  7:51  Zealot x3  
  116  7:54  Zealot x2  
  116  7:56  Zealot x2  
  119  8:05  Probe (Chrono Boost), Robotics Facility  
  117  8:15  Probe (Chrono Boost)  
  117  8:17  Probe x2 (Chrono Boost)  
  117  8:19  High Templar x2  
  124  8:20  Zealot x5  
  124  8:22  Immortal  
  124  8:24  Archon, Pylon  
  138  8:35  Pylon  
  138  8:42  Zealot x3, High Templar x2  
  148  8:49  Archon  
  148  8:53  Immortal  
  148  8:54  Probe x2 (Chrono Boost)  
  148  8:55  Zealot x2  
  146  9:01  Probe (Chrono Boost)  
  151  9:03  Pylon  
  151  9:06  Probe x2 (Chrono Boost)  
  153  9:13  Probe (Chrono Boost), Zealot  
  153  9:16  Zealot x2  
  156  9:18  Probe (Chrono Boost), Zealot x2  
  156  9:19  Probe (Chrono Boost), Sentry x2  
  163  9:38  Sentry x5  
  131  10:03  Zealot x3  
  131  10:04  Zealot  
Show
View Real Time Build Order
Export as new Build Order

SortOf Zerg - Winner!

Build Orders: Hatch First 

Get SALT Encoding   

  12  0:00  Drone  
  13  0:13  Overlord  
  13  0:18  Drone  
  14  0:31  Drone x2  
  16  0:37  Drone  
  17  0:53  Hatchery  
  17  0:56  Drone  
  17  1:00  Drone  
  18  1:05  Extractor  
  17  1:18  Spawning Pool  
  16  1:19  Drone  
  16  1:22  Drone  
  18  1:29  Drone  
  19  1:39  Overlord  
  19  1:50  Drone  
  20  2:04  Queen  
  20  2:05  Zergling x4, Queen  
  26  2:09  Metabolic Boost  
  26  2:14  Drone  
  27  2:17  Drone  
  28  2:24  Drone  
  29  2:32  Drone  
  29  2:35  Drone  
  31  2:42  Hatchery  
  30  2:47  Overlord  
  30  2:53  Drone x2  
  30  2:54  Drone  
  33  2:59  Drone  
  33  3:03  Queen  
  36  3:13  Drone x2  
  36  3:14  Drone  
  36  3:15  Drone  
  36  3:16  Drone  
  36  3:19  Overlord  
  41  3:23  Zergling x4  
  41  3:25  Zergling x2  
  44  3:32  Overlord x2  
  44  3:41  Queen  
  44  3:44  Drone x2  
  50  3:48  Drone x3  
  50  3:51  Overlord  
  50  3:54  Drone x2  
  53  3:57  Drone x2  
  54  4:04  Roach Warren  
  54  4:09  Drone  
  54  4:14  Drone x3  
  57  4:17  Queen  
  57  4:18  Drone x3  
  57  4:20  Drone  
  63  4:26  Drone  
  63  4:27  Spore Crawler  
  63  4:29  Drone x3  
  66  4:34  Queen  
  66  4:36  Drone x2  
  70  4:40  Zergling x4, Evolution Chamber  
  70  4:42  Zergling x2  
  72  4:47  Lair  
  72  4:48  Zergling x2  
  72  4:49  Zergling x2  
  72  4:51  Zergling x4  
  76  4:56  Queen  
  78  5:02  Spore Crawler  
  78  5:06  Zergling x8  
  78  5:07  Zergling x2  
  82  5:10  Zerg Melee Weapons Level 1, Overlord x2  
  82  5:12  Extractor x2  
  82  5:13  Drone x2  
  82  5:19  Overlord  
  82  5:25  Baneling Nest, Overlord  
  82  5:28  Drone x8  
  82  5:32  Drone  
  90  5:37  Overlord  
  90  5:39  Roach  
  90  5:41  Roach  
  90  5:42  Overlord  
  94  5:43  Extractor  
  94  5:45  Roach x3  
  99  5:50  Roach x2  
  103  5:58  Extractor  
  103  5:59  Roach x4  
  110  6:05  Drone x2  
  112  6:14  Overlord  
  105  6:20  Drone x2  
  105  6:21  Overlord  
  105  6:22  Extractor  
  105  6:23  Roach x5  
  116  6:33  Centrifical Hooks  
  116  6:35  Hatchery  
  116  6:36  Drone x3  
  116  6:39  Drone x2  
  120  6:40  Drone  
  120  6:43  Baneling  
  120  6:44  Hatchery, Baneling x3  
  120  6:45  Overseer  
  120  6:46  Drone x3  
  123  6:54  Overlord  
  123  6:55  Glial Reconstitution  
  123  6:58  Zergling x12  
  129  7:06  Spine Crawler  
  128  7:10  Zergling x14  
  134  7:15  Overlord  
  134  7:17  Ravager x4  
  134  7:18  Ravager  
  134  7:20  Overlord  
  139  7:23  Zergling x8  
  139  7:28  Baneling  
  139  7:29  Baneling x6  
  143  7:35  Zergling x2  
  143  7:36  Zergling x4  
  135  7:45  Zergling x2  
  135  7:46  Zergling x16  
  135  7:48  Roach  
  128  7:53  Roach x3  
  128  7:54  Roach  
  129  7:59  Queen  
  129  8:00  Roach x4  
  129  8:01  Ravager  
  129  8:02  Baneling x9  
  136  8:08  Zergling x2, Roach x3  
  136  8:11  Zergling x2  
  138  8:15  Drone  
  138  8:16  Drone x3  
  141  8:21  Drone x4  
  146  8:27  Zergling x12  
  146  8:31  Ravager  
  146  8:32  Ravager  
  146  8:33  Overseer  
  149  8:42  Zergling x22  
  159  8:53  Zergling x16  
  164  9:01  Ravager x6  
  164  9:02  Overlord  
  170  9:04  Overlord  
  168  9:14  Zergling x2  
  168  9:15  Zergling x10  
  174  9:17  Overlord, Hatchery  
  172  9:24  Baneling x3  
  172  9:28  Zergling x36  
  172  9:31  Baneling x6  
  185  9:32  Baneling  
  185  9:33  Baneling x3  
  185  9:34  Baneling  
  185  9:37  Baneling x10  
  186  9:43  Zergling x2  
  186  9:44  Zergling x14  
  176  9:56  Zergling x16  
  144  10:01  Zergling x2  
Tags
 
Add a new tag
Caveats
  • Supply blocks, unpowered buildings, or Contaminate may cause inaccurate times.
  • Supply counts are checked every 10 seconds.